 Seeded DCSS version 0.30-a0-883-g5ad918d77d (webtiles) character file.

Game seed: 15748772131455733785 (custom seed)

14974 Parcival the Basher (level 11, -2/104 HPs)
             Began as a Minotaur Fighter on Mar 16, 2023.
             Was a Priest of Ashenzari.
             Killed from afar by Axe's ghost (51 damage)
             ... with a stone arrow
             ... on level 2 of the Lair of Beasts.
             The game lasted 00:29:03 (12461 turns).

Parcival the Basher (Minotaur Fighter)             Turns: 12461, Time: 00:29:04

Health: -2/104     AC: 35    Str: 31    XL:     11   Next: 95%
Magic:  10/10      EV:  6    Int:  5    God:    Ashenzari [***...]
Gold:   1749       SH:  6    Dex: 10    Spells: 10/10 levels left

rFire   . . .      SeeInvis +    x - +5 flail (heavy)
rCold   . . .      Faith    .    c - +0 buckler of Cremastomancy {Melee, Evo} (curse)
rNeg    . . .      Spirit   .    r - +13 crystal plate armour "At What Cost Knowledge?" {Slay+2, Self, Comp} (curse)
rPois   +          Reflect  .    (helmet restricted)
rElec   .          Rampage  .    (no cloak)
rCorr   .          Clarity  +    v - +0 pair of gloves of Ashenzari's Gnosis {Melee, Bglg} (curse)
Will    .....                    (no boots) Stlth
                                 (no amulet)
HPRegen 0.37/turn                g - ring "Prison of the Bound God" {Str+6, Range, Melee} (curse)
MPRegen 0.12/turn                l - ring of Ashenzari's Ordeal {rPois, Bglg, Cun} (curse)

@: no status effects
A: horns 2, retaliatory headbutt
a: Renounce Religion, Curse Item, Shatter the Chains


You were on level 2 of the Lair of Beasts.
You worshipped Ashenzari.
Ashenzari was most pleased with you.
You visited 3 branches of the dungeon, and saw 13 of its levels.
You also visited: Bailey.

You collected 1749 gold pieces.

Inventory:

Hand Weapons
 x - a +5 heavy flail (weapon)
 J - a +0 shortbow of flaming
Missiles
 e - a throwing net (quivered)
Armour
 c - the cursed +0 buckler of Cremastomancy (worn) {Melee, Evo}

   It has a curse which improves the following skills: Melee Combat: Short
   Blades, Long Blades, Axes, Maces & Flails, Polearms, Staves and Unarmed
   Combat.
   Evocations: Evocations.
 r - the cursed +13 crystal plate armour "At What Cost Knowledge?" (worn) {Slay+2, Self, Comp}
   (You acquired it in the Ecumenical Temple)

   Slay:      It affects your accuracy & damage with ranged weapons and melee
   (+2).
   It has a curse which improves the following skills: Introspection: Fighting
   and Spellcasting.
   Companions: Summonings and Necromancy.
 v - the cursed +0 pair of gloves of Ashenzari's Gnosis (worn) {Melee, Bglg}
   (You found it on level 6 of the Dungeon)

   It has a curse which improves the following skills: Melee Combat: Short
   Blades, Long Blades, Axes, Maces & Flails, Polearms, Staves and Unarmed
   Combat.
   Beguiling: Conjurations, Hexes and Translocations.
Jewellery
 g - the cursed ring "Prison of the Bound God" (left hand) {Str+6, Range, Melee}
   (You found it on level 1 of the Dungeon)

   [ring of strength]

   Str:       It affects your strength (+6).
   It has a curse which improves the following skills: Ranged Combat: Ranged
   Weapons and Throwing.
   Melee Combat: Short Blades, Long Blades, Axes, Maces & Flails, Polearms,
   Staves and Unarmed Combat.
 l - the cursed ring of Ashenzari's Ordeal (right hand) {rPois, Bglg, Cun}
   (You found it on level 2 of the Dungeon)

   [ring of poison resistance]

   rPois:     It protects you from poison.
   It has a curse which improves the following skills: Beguiling: Conjurations,
   Hexes and Translocations.
   Cunning:   Dodging and Stealth.
Wands
 d - a wand of acid (9)
 m - a wand of flame (32)
 o - a wand of polymorph (36)
 s - a wand of mindburst (20)
 D - a wand of roots (12)
Scrolls
 a - a scroll of amnesia
 b - 2 scrolls of torment
 h - 2 scrolls of fog
 q - a scroll of blinking
 w - a scroll of fear
 y - 7 scrolls of teleportation
 E - a scroll of magic mapping
 F - 6 scrolls of identify
 H - a scroll of immolation
Potions
 f - 4 potions of heal wounds
 i - 5 potions of mutation
 k - 4 potions of brilliance
 n - 3 potions of resistance
 p - a potion of lignification
 t - 2 potions of ambrosia
 u - 2 potions of might
 z - 2 potions of curing
 A - a potion of berserk rage
 B - 2 potions of flight
 C - a potion of haste
 I - a potion of invisibility
 K - 4 potions of degeneration
 M - a potion of magic
Miscellaneous
 j - a piece from Xom's chessboard (15/15)
 G - a phial of floods


   Skills:
 + Level 10.3(11.9) Fighting
 + Level 10.0(15.3) Axes
 + Level 12.8(17.0) Maces & Flails
 + Level 11.7 Armour
 + Level 0.5(1.2) Dodging
 + Level 1.1(2.1) Stealth
 + Level 9.1 Shields


You had 10 spell levels left.
You didn't know any spells.
Your spell library contained the following spells:

 Spells                   Type           Power      Damage    Failure   Level
 Apportation              Tloc           0%         N/A       100%        1
 Magic Dart               Conj           0%         1d3       100%        1
 Slow                     Hex            0%         N/A       100%        1
 Call Imp                 Summ           0%         N/A       100%        2
 Confusing Touch          Hex            0%         N/A       100%        3
 Ignite Poison            Fire/Tmut/Pois 0%         N/A       100%        3
 Kindle Blastsparks       Fire/Tloc/Air  0%         2d10      100%        3
 Mephitic Cloud           Conj/Pois/Air  0%         N/A       100%        3
 Vampiric Draining        Necr           0%         2d6       100%        3
 Alistair's Intoxication  Tmut/Pois      0%         N/A       100%        5
 Freezing Cloud           Conj/Ice/Air   0%         6-21      100%        5
 Summon Forest            Summ/Tloc      0%         N/A       100%        5
 Summon Mana Viper        Hex/Summ       0%         N/A       100%        5
 Summon Cactus Giant      Summ           0%         N/A       100%        6


Dungeon Overview and Level Annotations

Branches:
Dungeon (10/15)            Temple (1/1) D:4            Lair (2/5) D:10
 Shoals (0/4) Lair:2       Bailey (visited)
  Snake: Lair:2-3    Spider: Lair:2-3       Orc: D:9-12

Altars:
Ashenzari
Cheibriados
Dithmenos
Elyvilon
Fedhas
Gozag
Hepliaklqana
Kikubaaqudgha
Makhleb
Nemelex Xobeh
Okawaru
Qazlal
Ru
Sif Muna
Trog
Uskayaw
Vehumet
Wu Jian
Xom
Yredelemnul
Zin
The Shining One

Shops:
D:8 :

Annotations:
D:9 exclusion: 2 oklob plants
Lair:2 Axe's ghost, journeyman DrEE


Innate Abilities, Weirdness & Mutations

You have a pair of horns on your head.
You reflexively headbutt those who attack you in melee.


Message History

You enter the shallow water.
Moving in this stuff is going to be slow.
You sense a monster nearby.
Found a +0 scale mail.
L - 2 scrolls of enchant weapon (gained 1)
You enter the shallow water.
Moving in this stuff is going to be slow.
You see here a +0 scale mail.
There is a stone staircase leading up here.
M - a potion of magic
Found a runed translucent door.
Found 8 gold pieces, a condenser vane and a potion of magic.
As you read the scroll of enchant weapon, it crumbles to dust.
Your +3 heavy flail glows red for a moment.
As you read the scroll of enchant weapon, it crumbles to dust.
Your +4 heavy flail glows red for a moment.
You open the door. You miss Axe's ghost. Axe's ghost hits you!
Axe's ghost freezes you.
You hit Axe's ghost.
Axe's ghost is lightly damaged.
Axe's ghost hits you! Axe's ghost freezes you.
You bludgeon Axe's ghost!!
Axe's ghost is lightly damaged.
Axe's ghost hits you but does no damage.
You barely miss Axe's ghost.
Axe's ghost is lightly damaged.
Axe's ghost casts a spell at you. The stone arrow hits you!
You hit Axe's ghost.
Axe's ghost is lightly damaged.
Axe's ghost hits you but does no damage.
You miss Axe's ghost.
Axe's ghost is lightly damaged.
Axe's ghost points at you and mumbles some strange words.
The stone arrow hits you!!
You sock Axe's ghost!
Axe's ghost is moderately damaged.
Axe's ghost casts a spell at you. The stone arrow hits you!!!
You die...

,,
,,♣.♣.♣.......................
*,
♣.♣.♣...#######..#P###.##....
* ,♣.♣♣.♣.## #!}$#..###
#####... * * ♣. ♣♣###
#.~.#..## ### #<.. **♣♣ *
#.~.#...####.###... , , * **
#.~.#.............. , ,,
,.#.**#.~.#..............
.....##W##.............. , , ,
,.......@............P...
......................P... ,
..........##....P........
#.....#..............#... *
#.....+....#.^..#........ *
#........................
#.....P....#....#........
#.....#....#....###...... .#
######.....+....#...,.........


You could see Axe's ghost.

Vanquished Creatures
  An orc warlord (Bailey)
  Erica (D:9)
  2 two-headed ogres
  Urug (Lair:1)
  Sonja (Lair:1)
  The ghost of Pimp the Trooper, a novice FoWn of Gozag (D:6)
  A black mamba (Lair:1)
  4 cane toads
  2 komodo dragons (Lair:1)
  A troll (D:10)
  Prince Ribbit (D:7)
  A shadow (D:9)
  6 yaks
  A vampire (D:8)
  A basilisk (Lair:2)
  The ghost of Newt the Trooper, an amateur DsGl of Gozag (D:3)
  A wraith (D:10)
  2 wargs (D:10)
  An acid dragon (D:9)
  4 water moccasins
  4 sky beasts
  4 ice beasts
  A black bear (Lair:2)
  13 orc warriors
  An ogre (D:5)
  A wolf (Lair:2)
  2 centaurs
  2 phantoms (D:4)
  3 kobold brigands
  A gnoll sergeant (D:10)
  8 bullfrogs
  2 scorpions (D:5)
  20 wights
  5 killer bees (D:9)
  3 howler monkeys
  An electric eel (Lair:2)
  A crimson imp (D:5)
  6 hounds
  6 orc priests
  A sleepcap (D:5)
  3 iguanas
  Ijyb (D:3)
  Natasha (twice) (D:3)
  10 orc wizards
  17 gnolls
  7 adders
  A shadow imp (D:7)
  A white imp (D:6)
  2 ufetubi (D:6)
  2 worms (D:2)
  4 dart slugs
  34 orcs
  12 endoplasms
  4 giant cockroaches
  11 goblins
  15 hobgoblins
  11 jackals
  A quokka (D:2)
  8 ball pythons
  2 bats
  4 frilled lizards
  15 kobolds
  5 rats
291 creatures vanquished.

Notes
Turn   | Place    | Note
-------+----------+-------------------------------------------
     0 | D:1      | Parcival the Minotaur Fighter began the quest for the Orb.
     0 | D:1      | Reached XP level 1. HP: 19/19 MP: 0/0
   342 | D:1      | Reached XP level 2. HP: 26/27 MP: 1/1
  1542 | D:2      | Reached XP level 3. HP: 30/33 MP: 2/2
  1771 | D:2      | Reached XP level 4. HP: 5/40 MP: 3/3
  2291 | D:2      | Found a faded altar of an unknown god.
  2916 | D:3      | Found a runed translucent door.
  3130 | D:3      | Reached XP level 5. HP: 47/47 MP: 4/4
  3261 | D:3      | Noticed Ijyb
  3262 | D:3      | Noticed Natasha
  3273 | D:3      | Killed Natasha
  3274 | D:3      | Reached skill level 5 in Axes
  3276 | D:3      | Killed Ijyb
  3295 | D:3      | Noticed Natasha
  3310 | D:3      | Killed Natasha
  3696 | D:3      | Noticed Newt's ghost (amateur DsGl)
  3721 | D:3      | Killed Newt's ghost
  3722 | D:3      | Reached skill level 5 in Armour
  3722 | D:3      | Reached XP level 6. HP: 35/55 MP: 5/5
  3901 | D:4      | Reached skill level 5 in Fighting
  4174 | D:4      | Found a staircase to the Ecumenical Temple.
  4280 | D:4      | Found a white marble altar of Elyvilon.
  4305 | D:4      | Reached XP level 7. HP: 53/61 MP: 6/6
  4597 | Temple   | Entered the Ecumenical Temple
  4775 | Temple   | Identified a scroll of acquirement
  4775 | Temple   | Acquired the +13 crystal plate armour "Ipuwkoe" {Slay+2}
  4817 | D:5      | Entered Level 5 of the Dungeon
  4842 | D:5      | Found an iron altar of Okawaru.
  4991 | D:5      | Found a radiant altar of Vehumet.
  5075 | D:5      | Found a shimmering altar of Xom.
  5076 | D:5      | Found a burning altar of Makhleb.
  5210 | D:5      | Reached skill level 1 in Stealth
  5225 | D:5      | Reached XP level 8. HP: 25/70 MP: 7/7
  5450 | D:5      | Reached skill level 5 in Shields
  5462 | D:5      | Found a blossoming altar of Fedhas.
  5555 | D:5      | Found a broken altar of Ashenzari.
  5570 | D:5      | Reached skill level 1 in Maces & Flails
  5723 | D:5      | Became a worshipper of Ashenzari the Shackled
  5809 | D:6      | Reached skill level 2 in Maces & Flails
  5839 | D:6      | Found an ancient bone altar of Kikubaaqudgha.
  5845 | D:6      | Found a shadowy altar of Dithmenos.
  5849 | D:6      | Found a glowing golden altar of the Shining One.
  5990 | D:6      | Found a sacrificial altar of Ru.
  6021 | D:6      | Found a runed translucent door.
  6028 | D:6      | Noticed Pimp's ghost (novice FoWn)
  6037 | D:6      | Killed Pimp's ghost
  6038 | D:6      | Reached skill level 4 in Maces & Flails
  6038 | D:6      | Reached XP level 9. HP: 76/79 MP: 8/8
  6166 | D:6      | Found a shimmering blue altar of Sif Muna.
  6170 | D:6      | Found a snail-covered altar of Cheibriados.
  6212 | D:6      | Reached skill level 10 in Axes
  6323 | D:7      | Found a flagged portal.
  6331 | D:7      | Reached skill level 5 in Maces & Flails
  6336 | Bailey   | Entered a bailey
  6442 | Bailey   | Reached skill level 6 in Maces & Flails
  6530 | Bailey   | Reached skill level 7 in Maces & Flails
  6623 | Bailey   | Noticed an orc warlord
  6642 | Bailey   | Killed an orc warlord
  6643 | Bailey   | Reached skill level 8 in Maces & Flails
  6643 | Bailey   | Reached XP level 10. HP: 21/90 MP: 9/9
  6875 | Bailey   | Acquired 908 gold pieces
  6966 | D:7      | Reached skill level 9 in Maces & Flails
  6984 | D:7      | Reached * piety under Ashenzari
  7516 | D:7      | Noticed Prince Ribbit
  7530 | D:7      | Killed Prince Ribbit
  7531 | D:7      | Reached skill level 10 in Maces & Flails
  7555 | D:7      | Found an ornate altar of the Wu Jian Council.
  7793 | D:8      | Found Ythrueru's Book Shoppe.
  8300 | D:8      | Found a stormy altar of Qazlal.
  8608 | D:9      | Reached ** piety under Ashenzari
  8896 | D:9      | Noticed a two-headed ogre
  8903 | D:9      | Killed a two-headed ogre
  8904 | D:9      | Reached XP level 11. HP: 69/101 MP: 10/10
  9015 | D:9      | Noticed an oklob plant
  9020 | D:9      | Noticed an oklob plant
  9044 | D:9      | Noticed Erica
  9054 | D:9      | Killed Erica
  9055 | D:9      | Reached skill level 11 in Maces & Flails
  9157 | D:9      | Reached skill level 10 in Armour
  9759 | D:10     | Entered Level 10 of the Dungeon
  9759 | D:10     | Noticed a two-headed ogre
  9767 | D:10     | Killed a two-headed ogre
  9854 | D:10     | Reached *** piety under Ashenzari
  9994 | D:10     | Found a staircase to the Lair.
 10871 | Lair:1   | Entered Level 1 of the Lair of Beasts
 10959 | Lair:1   | Reached skill level 12 in Maces & Flails
 11029 | Lair:1   | Noticed Sonja
 11036 | Lair:1   | Killed Sonja
 11229 | Lair:1   | Reached skill level 10 in Fighting
 11354 | Lair:1   | Noticed Urug
 11368 | Lair:1   | Killed Urug
 12048 | Lair:2   | Identified the +1 hand axe of Jacus {speed, Fly}
 12097 | Lair:2   | Found a staircase to the Shoals.
 12448 | Lair:2   | Found a runed translucent door.
 12449 | Lair:2   | Noticed Axe's ghost (journeyman DrEE)
 12461 | Lair:2   | Killed from afar by Axe's ghost

Illustrated notes

Levels and vault maps discovered:
D:1:      dpeg_arrival_brainrot, layout_basic, hangedman_decor_growths,
          minmay_misc_feat_rugged, nicolae_titane
D:2:      minmay_recursive_quarters, layout_basic,
          dreamdust_ecumenical_altar_sealed_demon, serial_glass,
          glass_columns_c, glass_columns_a, hex_tiny
D:3:      layout_basic, ebering_ghost_reflecting_pool,
          minmay_misc_feat_four_crosses, uniq_ijyb, uniq_natasha
D:4:      layout_loops_ring, mainiacjoe_overflow_boulevard,
          minmay_temple_entry_stoned_glass
D:5:      minmay_octagon_keep, layout_rooms, lemuel_doored_altar,
          fiery_altar_vehumet, overflow_temple_1_default,
          mainiacjoe_overflow_24_doors, grunt_temple_overflow_champion_of_chaos,
          kennysheep_generic_room_9
D:6:      layout_rooms, minitemple, nicolae_ru_awakened_eye,
          hellmonk_ghost_happy_afterlife, chequers_decorated_corner,
          due_unseen_surprise
D:7:      minmay_spotlight, layout_loops_ring, nicolae_overflow_crystal_walls,
          enter_bailey_2, uniq_prince_ribbit1
D:8:      layout_basic, mainiacjoe_overflow_alcove_4, nicolae_take_the_stairs,
          st_stairs_6, hangedman_decor_opposing, minmay_statues_item
D:9:      layout_stronghold, disabler_island, uniq_erica
D:10:     layout_roguey, erik_lair_orcish_takeover, serial_corexii_hall,
          corexii_hall_statues_s, chequers_hall_statues_wall_a,
          chequers_hall_statues_wall_a, chequers_hall_statues_y,
          chequers_hall_statues_corner_a, chequers_hall_statues_corner_a
Temple:   nicolae_temple_bog_church
Lair:1:   layout_regular_city, grunt_megastairs_2, uniq_urug, uniq_sonja
Lair:2:   layout_chaotic_city, shoals_dummy_entry,
          ebering_ghost_reflecting_pool, wad_woods_river_01

Skill      XL: |  1  2  3  4  5  6  7  8  9 10 11 |
---------------+----------------------------------+-----
Fighting       | 4 5 6 7 8 9 10 | 10.3
Armour         | 4 5 6 7 8 9 11 | 11.7
Axes           | 3 4 5 6 8 9 10 | 10.0
Shields        | 4 5 6 8 9 |  9.1
Stealth        | 1 |  1.1
Maces & Flails | 4 8 10 12 | 12.8
Dodging        | |  0.5

Action                     |  1- 3 |  4- 6 |  7- 9 | 10-12 || total
---------------------------+-------+-------+-------+-------++-------
  Melee: War axe           |    25 |       |       |       ||    25
         Headbutt          |    10 |    18 |    33 |    40 ||   101
         Broad axe         |    40 |   129 |    72 |       ||   241
         Flail             |       |       |   123 |   273 ||   396
 Invoke: Curse Item        |       |       |     1 |     4 ||     5
    Use: Scroll            |     1 |     8 |     3 |     5 ||    17
         Potion            |     1 |       |     1 |       ||     2
 Armour: Plate armour      |    50 |   109 |     3 |       ||   162
         Scale mail        |     2 |       |       |       ||     2
         Crystal plate arm |       |       |   196 |   308 ||   504
  Dodge: Dodged            |    33 |    53 |    71 |   117 ||   274
  Block: Buckler           |    17 |    35 |    69 |   121 ||   242

Table legend: (Time is in decaauts)
 A = Elapsed time spent in this place.
 B = Non-inter-level travel time spent in this place.
 C = Inter-level travel time spent in this place.
 D = Time resting spent in this place.
 E = Time spent auto-exploring this place.
 F = Levels seen in this place.
 G = Mean time per level.
                   A        B        C        D        E       F      G
               +--------+--------+--------+--------+--------+-----+--------+
         Total |  12696 |  11807 |    889 |    608 |   8909 |  14 |  906.9 |
       Dungeon |  10267 |   9486 |    781 |    608 |   7048 |  10 | 1026.7 |
        Temple |    221 |    203 |     18 |      0 |    180 |   1 |  221.0 |
          Lair |   1609 |   1519 |     90 |      0 |   1289 |   2 |  804.5 |
        Bailey |    597 |    597 |      0 |      0 |    391 |   1 |  597.0 |
               +--------+--------+--------+--------+--------+-----+--------+

Top non-repeatable levels by time:
     D:1: 1521 daAuts
     D:2: 1266 daAuts
     D:3: 1187 daAuts
  Lair:1: 1168 daAuts
     D:9: 1151 daAuts
    D:10: 1114 daAuts
     D:5: 947 daAuts
     D:8: 902 daAuts
     D:7: 854 daAuts
     D:4: 729 daAuts
  Bailey: 597 daAuts
     D:6: 592 daAuts
  Lair:2: 441 daAuts
  Temple: 221 daAuts
